 Dungeon Crawl Stone Soup version 0.31.0-12-g77e489cdc1 (webtiles) character file.

Game seed: 13677049556036150327

115 Killerpretzel the Changeling (level 5, 0/51 HPs)
             Began as an Octopode Shapeshifter on Mar 6, 2024.
             Succumbed to a scorpion's poison
             ... on level 3 of the Dungeon.
             The game lasted 00:00:57 (1840 turns).

Killerpretzel the Changeling (OpSh)                 Turns: 1840, Time: 00:00:58

Health: 0/51       AC: 22    Str: 13    XL:     5   Next: 0%
Magic:  5/5        EV:  2    Int: 13    God:
Gold:   140        SH:  0    Dex: 13    Spells: 4/4 levels left

rFire   . .          .
                       - Unarmed
rCold   . . .        (no shield)
rNeg    . . .        (helmet currently unavailable)
rPois   +            (no amulet)
rElec   .            (no ring)
rCorr   .            (no ring)
SInv    .            (no ring)
Will    .....        (no ring)
Stlth   +            (no ring)
HPRegen 0.28/turn    (no ring)
MPRegen 0.09/turn    (no ring)
                     (no ring)

%: no passive effects
@: lethally poisoned (0 -> -8), tree-form
A: stationary, stasis, torment immunity, boosted hp, almost no armour,
(amphibious), 8 rings, (camouflage 1), (gelatinous body 1), (nimble swimmer 1),
(tentacles)
a: no special abilities


You were on level 3 of the Dungeon.
You were a tree.
You visited 1 branch of the dungeon, and saw 3 of its levels.

You collected 140 gold pieces.

Inventory:

Talismans
 b - a beast talisman
 c - a flux talisman
Scrolls
 h - a scroll of identify {unknown}
Potions
 d - a potion of heal wounds {unknown}
 e - a potion of haste {unknown}
 f - a potion of might {unknown}
 g - a potion of curing {unknown}


   Skills:
 + Level 2.1 Fighting
 + Level 2.7 Dodging
 + Level 3.5 Unarmed Combat
 * Level 4.0 Shapeshifting


You had 4 spell levels left.
You didn't know any spells.
Your spell library contained the following spells:

 Spells                   Type           Power      Damage    Failure   Level
 Magic Dart               Conj           0%         1d3       30%         1
 Necrotise                Necr           0%         1d4       30%         1
 Blink                    Tloc           0%         N/A       43%         2
 Call Imp                 Summ           0%         N/A       43%         2
 Cigotuvi's Dreadful Rot  Necr/Alch/Air  0%         N/A       43%         2
 Fugue of the Fallen      Necr           0%         N/A       67%         3
 Ozocubu's Armour         Ice            0%         N/A       67%         3
 Vampiric Draining        Necr           0%         2d6       67%         3
 Ignite Poison            Fire/Alch      0%         N/A       97%         4
 Manifold Assault         Tloc           0%         N/A       97%         4
 Martyr's Knell           Necr/Summ      0%         N/A       97%         4
 Curse of Agony           Necr           0%         N/A       100%        5
 Freezing Cloud           Conj/Ice/Air   0%         6-21      100%        5
 Dispersal                Tloc           0%         N/A       100%        6
 Disjunction              Tloc           0%         N/A       100%        8


Dungeon Overview and Level Annotations

Branches:
Dungeon (3/15)

Altars:
Gozag


Innate Abilities, Weirdness & Mutations

You are a tree.
Your roots penetrate the ground, keeping you stationary.
You cannot be teleported.
You are immune to unholy pain and torment.
Your maximum health is greatly increased.
You cannot wear most types of armour.
((You are amphibious.))
You can wear up to eight rings at the same time.
((Your skin changes colour to match your surroundings (Stealth+).))
((Your rubbery body absorbs attacks. (AC +1, EV +1)))
((You are camouflaged when in or above water. (Stealth+)))
((You have tentacles for arms and can constrict up to eight enemies at once.))


Message History

You are too injured to fight recklessly!
You are too injured to fight recklessly!
You are too injured to fight recklessly!
There are monsters nearby!
You are too injured to fight recklessly!
You are too injured to fight recklessly!
You are too injured to fight recklessly!
You are too injured to fight recklessly!
You are too injured to fight recklessly!
You are too injured to fight recklessly!
You are too injured to fight recklessly!
You are too injured to fight recklessly!
You are too injured to fight recklessly!
You are too injured to fight recklessly!
There are monsters nearby!
You tentacle-slap the kobold.
You kill the kobold!
You constrict the scorpion, but do no damage.
You feel sick. The scorpion misses you.
You have reached level 5!
You feel clever.
You release your grip on the scorpion.
You hear the slow rusting of a drain very nearby.
You feel sick.
You feel sick. The scorpion attacks as it pursues you! The scorpion stings you.
* * * LOW HITPOINT WARNING * * *
You are more poisoned.
The scorpion poisons you!
Your transformation has ended.
You turn into a tree.
Your roots penetrate the ground.
* * * LOW HITPOINT WARNING * * *
You feel sick.
The scorpion stings you but does no damage.
You hit the scorpion.
The scorpion is moderately wounded.
* * * LOW HITPOINT WARNING * * *
You feel sick.
The scorpion stings you but does no damage.
You smack the scorpion!
The scorpion is almost dead.
You die...

### .......#. #.#
......... #.# .........
#.# # ........#
######)#:##.# .#......#
#...♣s).....# ........#
#)#####..####
#...#..#####.####......
#..#..................#.#
#......#####.####.......
#......#####.# $$$...#
#####.....##.. $_$...#
#####.##### $$$.... #...#


You could see a scorpion.

Vanquished Creatures
  A bombardier beetle (D:3)
  Robin (D:2)
  2 adders (D:2)
  2 dart slugs (D:1)
  2 ribbon worms (D:2)
  An orc (D:3)
  3 endoplasms
  A giant cockroach (D:2)
  11 goblins
  7 hobgoblins
  3 jackals (D:2)
  5 kobolds
  2 quokkas
  A bat (D:2)
  3 frilled lizards (D:1)
  6 rats
51 creatures vanquished.

Notes
Turn   | Place    | Note
-------+----------+-------------------------------------------
     0 | D:1      | Killerpretzel the Octopode Shapeshifter began the quest for
                  | the Orb.
     0 | D:1      | Reached XP level 1. HP: 13/13 MP: 1/1
   340 | D:1      | Reached XP level 2. HP: 18/18 MP: 2/2
   987 | D:2      | Reached XP level 3. HP: 17/23 MP: 3/3
  1311 | D:2      | Reached XP level 4. HP: 21/29 MP: 4/4
  1324 | D:2      | Noticed Robin
  1337 | D:2      | Killed Robin
  1705 | D:3      | Reached skill level 4 in Shapeshifting
  1828 | D:3      | Noticed a scorpion
  1831 | D:3      | Found an opulent altar of Gozag.
  1836 | D:3      | Reached XP level 5. HP: 10/34 MP: 5/5
  1839 | D:3      | HP: 1/51 [poisoned by a scorpion]
  1840 | D:3      | Succumbed to a scorpion's poison

Illustrated notes

Levels and vault maps discovered:
D:1:      nagdon_arrival_double_spiral, layout_loops_corners
D:2:      layout_basic, patterned_corridor, uniq_robin
D:3:      layout_loops_cross, nicolae_gozag_seed_capital, gup_sewer_entry_spiral

Skill      XL: |  1  2  3  4 |
---------------+-------------+-----
Fighting       | 2 |  2.1
Shapeshifting  | 4 |  4.0
Dodging        | |  2.7
Unarmed Combat | |  3.5

Action                     |  1- 3 |  4- 6 || total
---------------------------+-------+-------++-------
  Melee: Unarmed           |    61 |    41 ||   102
         Constrict         |    17 |     9 ||    26
         Punch             |     3 |     1 ||     4
         Tentacles         |    11 |     4 ||    15
    Use: Scroll            |     1 |     1 ||     2
         Potion            |       |     1 ||     1
   Stab: Sleeping          |     5 |     1 ||     6
 Armour: Skin              |    22 |    18 ||    40
  Dodge: Dodged            |    30 |    29 ||    59
